 Dungeon Crawl Stone Soup version 0.18.1-2-ga659475 (webtiles) character file.

839 lightmor the Conjurer (level 7, -1/40 HPs)
             Began as a Deep Elf Conjurer on May 8, 2016.
             Was an Initiate of Vehumet.
             Engulfed by lightmor's ghost's noxious fumes (3 damage)
             ... on level 4 of the Dungeon.
             The game lasted 00:18:12 (5317 turns).

lightmor the Conjurer (Deep Elf Conjurer)           Turns: 5317, Time: 00:18:12

Health: -1/40      AC:  3    Str:  5    XL:     7   Next: 67%
Magic:  2/18       EV: 14    Int: 22    God:    Vehumet [......]
Gold:   287        SH:  0    Dex: 15    Spells: 5 memorised, 5 levels left

rFire  . . .     SeeInvis .     x - +0 scythe (venom)
rCold  . . .     Gourm    .     a - +0 robe
rNeg   . . .     Faith    .     (shield currently unavailable)
rPois  .         Spirit   .     (no helmet)
rElec  .         Dismiss  .     B - +0 cloak
rCorr  +         Reflect  .     (no gloves)
SustAt .         Harm     .     (no boots)
MR     +....                    (no amulet)
Stlth  +.........               d - ring of protection from magic
                                t - ring of resist corrosion

@: confused, lethally poisoned (-1 -> -10), very slightly contaminated, slowed,
very slow, somewhat resistant to hostile enchantments, very unstealthy
A: no striking features
a: Renounce Religion


You were on level 4 of the Dungeon.
You worshipped Vehumet.
Vehumet was noncommittal.
You were hungry.

You visited 2 branches of the dungeon, and saw 6 of its levels.
You also visited: Ossuary.

You collected 287 gold pieces.

Inventory:

Hand Weapons
 j - a +0 short sword
 v - a +2 dagger of speed
 w - a +2 flail of crushing
 x - a +0 scythe of venom (weapon)
Armour
 a - a +0 robe (worn)
 B - a +0 cloak (worn)
Jewellery
 d - a ring of protection from magic (right hand)
 e - an uncursed ring of stealth
 t - a ring of resist corrosion (left hand)
Wands
 q - a wand of iceblast (9/15)
Scrolls
 f - a scroll of blinking {unknown}
 h - a scroll of fear {unknown}
 l - a scroll of identify
 m - 3 scrolls of remove curse
 n - a scroll of recharging {unknown}
 o - 3 scrolls of immolation
 y - 2 scrolls of enchant weapon {unknown}
 z - 3 scrolls of amnesia
 A - a scroll of magic mapping {unknown}
Potions
 g - 2 potions of mutation {unknown}
 i - 2 potions of flight {unknown}
 p - 5 potions of lignification {unknown}
 r - a potion of heal wounds {unknown}
 s - 2 potions of haste {unknown}
 D - 2 potions of curing {unknown}
 E - a potion of resistance {unknown}
Books
 b - a book of Conjurations

   Spells                             Type                      Level
   a - Magic Dart                     Conjuration                  1
   b - Searing Ray                    Conjuration                  2
   c - Dazzling Spray                 Conjuration/Hexes            3
   d - Fulminant Prism                Conjuration/Hexes            4
   e - Iskenderun's Mystic Blast      Conjuration                  4
   f - Iskenderun's Battlesphere      Conjuration/Charms           5
 u - a book of Ice

   Spells                             Type                      Level
   a - Ice Form                       Ice/Transmutation            4
   b - Metabolic Englaciation         Hexes/Ice                    5
   c - Ozocubu's Refrigeration        Ice                          6
   d - Bolt of Cold                   Conjuration/Ice              6
   e - Freezing Cloud                 Conjuration/Ice/Air          6
   f - Simulacrum                     Ice/Necromancy               6
Comestibles
 c - 3 bread rations
 k - 2 meat rations
 C - 2 chunks of flesh


   Skills:
 + Level 2.4 Fighting
 + Level 4.5 Dodging
 - Level 2.4 Stealth
 * Level 6.5 Spellcasting
 * Level 7.7 Conjurations


You had 5 spell levels left.
You knew the following spells:

 Your Spells              Type           Power        Failure   Level  Hunger
a - Magic Dart            Conj           ####         1%          1    None
b - Searing Ray           Conj           #####.       1%          2    None
c - Dazzling Spray        Conj/Hex       ###.....     6%          3    #......
d - Iskenderun's Mystic   Conj           #####...     4%          4    ###....
e - Fulminant Prism       Conj/Hex       ###.......   17%         4    ###....


Dungeon Overview and Level Annotations

Branches:
Dungeon (5/15)             Temple (1/1) D:4

Altars:
Ashenzari
Cheibriados
Dithmenos
Elyvilon
Fedhas
Gozag
Kikubaaqudgha
Makhleb
Nemelex Xobeh
Okawaru
Pakellas
Ru
Sif Muna
Trog
Vehumet
Xom
Yredelemnul
Zin
The Shining One

Shops:
D:4 %

Annotations:
D:4 lightmor's ghost, novice DEWz


Message History

Okay, then.
Drink which item? (? for menu, Esc to quit)
Okay, then.
Read which item? (? for menu, Esc to quit)
As you read the scroll labeled JOKLUI DYPET, it crumbles to dust.
It is a scroll of identify.
Identify which item? (\ to view known items) (? for menu, Esc to quit)
z - 3 scrolls of amnesia You are engulfed in noxious fumes.
You choke on the stench!
You are confused.
* * * LOW HITPOINT WARNING * * *
x2 You feel sick.
Lightmor's ghost closely misses you. Lightmor's ghost hits you.
* * * LOW HITPOINT WARNING * * *
You're too confused!
You're too confused!
Drink which item? (? for menu, Esc to quit)
Okay, then.
You are engulfed in noxious fumes.
You choke on the stench!
You are more confused.
You die...

######## .......# ######.#
############## ### ...# #.#
#............# #.. ##.# #.#
#............# #..
.#.###.#########............###..
.......))........ยง..........'....
.......########.@.W.........#####
.....#.## #.............#
........# #.............#
....##..#######.............#
.........#...##.....(.......# ##
.....###.#...##.............# #.
.....# #.....##.............# #.
#....# ##....##.............####.
#.#######....##.############.....


You could see lightmor's ghost.

Vanquished Creatures
  Sigmund (D:3)
  An ogre (D:4)
  2 elf zombies (Ossuary)
  2 scorpions (D:4)
  An orc priest (D:4)
  A giant frog skeleton (D:4)
  An iguana (D:4)
  An orc wizard (D:4)
  A worker ant (D:4)
  A big kobold zombie (Ossuary)
  2 mummies (Ossuary)
  5 adders
  An ooze (D:2)
  An adder zombie (Ossuary)
  2 worms
  4 dart slugs
  5 giant geckos
  10 orcs
  7 giant cockroaches
  5 goblins
  10 hobgoblins
  5 jackals
  11 kobolds
  3 quokkas (D:2)
  A ball python (D:3)
  13 bats
  3 giant newts
  2 goblin zombies (Ossuary)
  7 hobgoblin zombies (Ossuary)
  A jackal zombie (Ossuary)
  10 kobold zombies (Ossuary)
  11 orc zombies (Ossuary)
  7 rats
  2 rat zombies (Ossuary)
140 creatures vanquished.

Vanquished Creatures (others)
  7 fulminant prisms (D:4)
7 creatures vanquished.

Grand Total: 147 creatures vanquished

Notes
Turn   | Place    | Note
--------------------------------------------------------------
     0 | D:1      | lightmor the Deep Elf Conjurer began the quest for the Orb.
     0 | D:1      | Reached XP level 1. HP: 10/10 MP: 6/6
   176 | D:1      | Reached XP level 2. HP: 15/15 MP: 5/8
   206 | D:1      | Learned a level 2 spell: Searing Ray
   269 | D:1      | Reached skill level 5 in Conjurations
   848 | D:1      | Reached XP level 3. HP: 19/19 MP: 3/9
  1013 | D:1      | Learned a level 3 spell: Dazzling Spray
  1434 | D:2      | Found a snail-covered altar of Cheibriados.
  1610 | D:2      | Reached XP level 4. HP: 24/24 MP: 7/11
  2137 | D:3      | Reached skill level 6 in Conjurations
  2299 | D:3      | Noticed Sigmund
  2307 | D:3      | Killed Sigmund
  2307 | D:3      | Reached skill level 1 in Fighting
  2307 | D:3      | Reached XP level 5. HP: 29/29 MP: 1/13
  2540 | D:3      | Learned a level 4 spell: Iskenderun's Mystic Blast
  2642 | D:3      | Reached XP level 6. HP: 34/34 MP: 10/14
  2820 | D:3      | Learned a level 4 spell: Fulminant Prism
  2870 | D:4      | Found a sand-covered staircase.
  2875 | Ossuary  | Entered an ossuary
  3491 | Ossuary  | Reached skill level 5 in Spellcasting
  3491 | Ossuary  | Reached skill level 7 in Conjurations
  3931 | D:4      | Found a staircase to the Ecumenical Temple.
  3947 | Temple   | Entered the Ecumenical Temple
  4053 | Temple   | Became a worshipper of Vehumet
  4101 | D:4      | Found Vated's Food Boutique.
  4234 | D:4      | Noticed lightmor's ghost (novice DEWz)
  4413 | D:4      | Reached XP level 7. HP: 40/40 MP: 10/17
  4966 | D:5      | Entered Level 5 of the Dungeon
  5316 | D:4      | HP: 2/40 [lightmor's ghost (1)]
  5317 | D:4      | Engulfed by lightmor's ghost's noxious fumes

Skill      XL: |  1  2  3  4  5  6  7 |
---------------+----------------------+-----
Conjurations   | 5 6 7 |  7.7
Fighting       | 1 2 |  2.4
Dodging        | 3 4 |  4.5
Spellcasting   | 4 5 6 |  6.5
Stealth        | |  2.4

Action                   |  1- 3 |  4- 6 |  7- 9 || total
-------------------------+-------+-------+-------++-------
Melee: Scythe            |       |    38 |    17 ||    55
 Cast: Magic Dart        |    92 |   162 |    34 ||   288
       Dazzling Spray    |       |     7 |     6 ||    13
       Searing Ray       |       |    10 |       ||    10
       Iskenderun's Myst |       |     2 |       ||     2
       Fulminant Prism   |       |       |     7 ||     7
  Use: Scroll            |       |     4 |     1 ||     5
  Eat: Chunk             |     2 |     8 |     3 ||    13
       Pizza             |       |     1 |       ||     1
Armor: Robe              |       |    12 |     4 ||    16
Dodge: Dodged            |     3 |    62 |    24 ||    89
